 Dungeon Crawl Stone Soup version 0.27-a0-590-g94244163b4 (webtiles) character file.

Game seed: 4935729420167694045

72 tilp the Sneak (level 4, -8/29 HPs)
             Began as an Octopode Transmuter on Mar 10, 2021.
             Mangled by a gnoll
             ... wielding a +0 quarterstaff
              (14 damage)
             ... on level 2 of the Dungeon.
             The game lasted 00:03:26 (1533 turns).

tilp the Sneak (Octopode Transmuter)                Turns: 1533, Time: 00:03:27

Health: -8/29      AC:  1    Str:  9    XL:     4   Next: 25%
Magic:  7/7        EV: 13    Int: 16    God:
Gold:   100        SH:  0    Dex: 12    Spells: 4/7 levels left

rFire    . . .     SeeInvis .     - Unarmed
rCold    . . .     Faith    .   (no shield)
rNeg     . . .     Spirit   .   (helmet restricted)
rPois    .         Reflect  .   (no amulet)
rElec    .         Harm     .   (no ring)
rCorr    .         Rampage  .   (no ring)
Will     .....                  (no ring)
Stlth    +++.......             (no ring)
HPRegen  0.09/turn              (no ring)
MPRegen  0.10/turn              (no ring)
                                (no ring)
                                (no ring)

@: no status effects
A: almost no armour, amphibious, 8 rings, camouflage 1, gelatinous body 1,
nimble swimmer 1, tentacles
a: no special abilities


You were on level 2 of the Dungeon.
You visited 1 branch of the dungeon, and saw 2 of its levels.

You collected 100 gold pieces.

Inventory:

Missiles
 b - 49 stones
 e - 7 poisoned darts (quivered)
Scrolls
 a - 2 scrolls of identify
 c - a scroll of enchant armour {unknown}
 f - a scroll of magic mapping {unknown}
Potions
 d - a potion of might


   Skills:
 + Level 2.0 Fighting
 - Level 2.0 Dodging
 - Level 4.0 Stealth
 + Level 3.5 Unarmed Combat
 - Level 2.0 Spellcasting
 - Level 2.0 Transmutations


You had 4 spell levels left.
You knew the following spells:

 Your Spells              Type           Power      Damage    Failure   Level
a - Beastly Appendage     Tmut           16%        N/A       9%          1
b - Wereblood             Tmut           8%         N/A       14%         2

Your spell library contained the following spells:

 Spells                   Type           Power      Damage    Failure   Level
 Spider Form              Tmut/Pois      2%         N/A       38%         3
 Ice Form                 Ice/Tmut       4%         N/A       80%         4
 Blade Hands              Tmut           4%         N/A       94%         5


Dungeon Overview and Level Annotations

Branches:
Dungeon (2/15)

Altars:


Innate Abilities, Weirdness & Mutations

You cannot wear most types of armour.
You are amphibious.
You can wear up to eight rings at the same time.
Your skin changes colour to match your surroundings (Stealth+).
Your rubbery body absorbs attacks. (AC +1, EV +1)
You are stealthy while swimming. (Stealth+)
You have tentacles for arms and can constrict up to eight enemies at once.


Message History

Confirm with . or Enter, or press ? or * to list all spells.
Your blood is infused with primal strength.
The gnoll shouts!
The gnoll throws a stone.
The stone hits you.
Throw: 8 darts (poison)
Press: ? - help, Q - select action, (/) - cycle Shift-Dir - straight line, f - gnoll
Aim: a gnoll, wielding a +0 spear (60% to hit)
You throw a poisoned dart.
The poisoned dart completely misses the gnoll.
The gnoll barely misses you. x2
You tentacle-slap the gnoll. You grab the gnoll.
The gnoll is moderately wounded.
You constrict the gnoll. The gnoll closely misses you.
The gnoll hits you but does no damage.
Your magical contamination has completely faded away.
You barely miss the gnoll.
The gnoll is moderately wounded.
You constrict the gnoll, but do no damage.
The gnoll hits you with a +0 quarterstaff!
The gnoll hits you with a +0 whip!
* * * LOW HITPOINT WARNING * * *
The gnoll barely misses you.
You barely miss the gnoll. You squeeze the gnoll!
The gnoll is almost dead.
You constrict the gnoll.
You kill the gnoll!
The gnoll hits you with a +0 quarterstaff.
* * * LOW HITPOINT WARNING * * *
The gnoll closely misses you.
Your Fighting skill increases to level 2!
Things that are here:
a +0 spear; 10 gold pieces You howl as the wereblood boils in your veins!
Okay, then.
Your primal bloodlust is almost over.
You see here 7 sling bullets.
You howl as the wereblood boils in your veins!
Your primal bloodlust has ended.
The gnoll hits you with a +0 quarterstaff!
You die...

#.# #.# ############.#
#............#
#.############ #.# #.#
######################
#.#
#...>...)............)
#.#
#....@################
#.# #....g# #.#
#.....# #.# #....g#
### #.# #.....#######
#.. #.#
####+#......########..
#.#
#.'.............(..
#.#
#.#รท.....########..
#.#########.#......#
#..


You could see 2 gnolls.

Vanquished Creatures
  2 adders (D:2)
  A gnoll (D:2)
  A worm (D:2)
  2 leopard geckos
  6 goblins
  4 hobgoblins
  3 jackals (D:1)
  3 kobolds
  A quokka (D:2)
  8 bats
  5 frilled lizards
  3 rats
39 creatures vanquished.

Notes
Turn   | Place    | Note
-------+----------+-------------------------------------------
     0 | D:1      | tilp the Octopode Transmuter began the quest for the Orb.
     0 | D:1      | Reached XP level 1. HP: 13/13 MP: 3/3
    92 | D:1      | Reached skill level 1 in Stealth
   294 | D:1      | Reached skill level 2 in Stealth
   378 | D:1      | Reached XP level 2. HP: 12/18 MP: 3/5
   381 | D:1      | Learned a level 2 spell: Wereblood
   535 | D:1      | Reached skill level 3 in Stealth
   968 | D:1      | Reached XP level 3. HP: 23/23 MP: 6/6
  1157 | D:2      | Reached skill level 4 in Stealth
  1282 | D:2      | Reached XP level 4. HP: 21/29 MP: 3/7
  1533 | D:2      | Mangled by a gnoll

Illustrated notes

Levels and vault maps discovered:
D:1:      beargit_arrival_greenhouse, layout_basic
D:2:      layout_basic

Skill      XL: |  1  2  3  4 |
---------------+-------------+-----
Stealth        | 2 3 4 |  4.0
Fighting       | 2 |  2.0
Dodging        | |  2.0
Unarmed Combat | |  3.5
Spellcasting   | |  2.0
Transmutations | |  2.0

Action                   |  1- 3 |  4- 6 || total
-------------------------+-------+-------++-------
Melee: Unarmed           |    69 |    12 ||    81
       Constrict         |    23 |     3 ||    26
       Kick              |     7 |     1 ||     8
       Tentacles         |     6 |     1 ||     7
Throw: Dart              |     1 |     1 ||     2
 Cast: Beastly Appendage |     8 |     2 ||    10
       Wereblood         |     2 |     3 ||     5
  Use: Scroll            |     1 |       ||     1
 Stab: Sleeping          |     5 |       ||     5
Armor: Skin              |    14 |     1 ||    15
Dodge: Dodged            |    44 |     8 ||    52

Table legend: (Time is in decaauts)
 A = Elapsed time spent in this place.
 B = Non-inter-level travel time spent in this place.
 C = Inter-level travel time spent in this place.
 D = Time resting spent in this place.
 E = Time spent auto-exploring this place.
 F = Levels seen in this place.
 G = Mean time per level.
                   A        B        C        D        E       F      G
               +--------+--------+--------+--------+--------+-----+--------+
         Total |   1530 |   1462 |     68 |      6 |   1083 |   2 |  765.0 |
       Dungeon |   1530 |   1462 |     68 |      6 |   1083 |   2 |  765.0 |
               +--------+--------+--------+--------+--------+-----+--------+

Top non-repeatable levels by time:
     D:1: 1121 daAuts
     D:2: 409 daAuts
